 Dungeon Crawl Stone Soup version 0.31-a0-981-geadf994542 (webtiles) character file.

Game seed: 13778728520318551555

3978 Vomitron the Mimic (level 10, -5/73 HPs)
             Began as a Merfolk Shapeshifter on Nov 1, 2023.
             Was a Follower of Uskayaw.
             Slain by a two-headed ogre
             ... wielding a +0 giant club
              (21 damage)
             ... on level 9 of the Dungeon.
             The game lasted 00:16:49 (7375 turns).

Vomitron the Mimic (Merfolk Shapeshifter)           Turns: 7375, Time: 00:16:49

Health: -5/73      AC:  9    Str: 18    XL:     10   Next: 22%
Magic:  13/13      EV: 17    Int:  9    God:    Uskayaw [*.....]
Gold:   498        SH:  5    Dex: 17    Spells: 9/9 levels left

rFire   + . .        l - +7 mace "Uzip Xai" {protect, Fragile rElec Str+2}
rCold   . . .        (no shield)
rNeg    . . .        a - +0 animal skin
rPois   .            (helmet currently unavailable)
rElec   +            (cloak currently unavailable)
rCorr   .            (gloves currently unavailable)
SInv    .            (boots currently unavailable)
Will    .....        h - amulet of reflection
Stlth   ++           L - ring of protection from fire
HPRegen 0.32/turn    (no ring)
MPRegen 0.13/turn

%: reflection
@: beast-form, under a protective aura
A: beast (slay +4), (nimble swimmer 2), mertail
a: Begin Untransformation, Renounce Religion, Stomp


You were on level 9 of the Dungeon.
You worshipped Uskayaw.
Uskayaw was noncommittal.
You were a hulking beast.
You visited 2 branches of the dungeon, and saw 10 of its levels.
You also visited: Sewer.

You collected 588 gold pieces.
You spent 90 gold pieces at shops.

Inventory:

Hand Weapons
 l - the +7 mace "Uzip Xai" (weapon) {protect, Fragile rElec Str+2}
   (You found it on level 2 of the Dungeon)

   Str+2:     It affects your strength (+2).
   rElec:     It insulates you from electricity.
   Fragile:   It will be destroyed if unequipped.
 v - the +6 broad axe of Dismemberment {heavy, rC++ rCorr}
   (You found it on level 3 of the Dungeon)

   rC++:      It greatly protects you from cold.
   rCorr:     It protects you from acid and corrosion.
 B - a +2 dagger of venom
 I - a +0 spectral spear
Missiles
 r - 4 throwing nets (quivered)
 w - 9 poisoned darts
Armour
 a - a +0 animal skin (worn)
 k - a +0 pair of boots
 m - a +0 buckler
 K - a +1 ring mail of cold resistance
Jewellery
 h - an amulet of reflection (around neck)
 L - a ring of protection from fire (left hand)
Talismans
 c - a beast talisman
 d - a flux talisman
 u - a maw talisman
 F - a serpent talisman
Wands
 y - a wand of flame (3)
 H - a wand of light (7)
 M - a wand of polymorph (5)
 N - a wand of charming (8)
Scrolls
 b - 4 scrolls of blinking
 f - 2 scrolls of fog
 i - a scroll of enchant armour
 j - a scroll of amnesia
 n - a scroll of torment
 o - a scroll of noise
 z - 2 scrolls of teleportation
 D - a scroll of immolation
 P - a scroll of vulnerability
Potions
 e - 2 potions of attraction {unknown}
 g - a potion of magic
 p - a potion of heal wounds
 q - 6 potions of might
 s - 5 potions of degeneration
 t - a potion of invisibility {unknown}
 x - 3 potions of curing
 A - a potion of cancellation {unknown}
 E - 2 potions of berserk rage {unknown}
 G - 2 potions of enlightenment
 J - 3 potions of haste
 O - a potion of mutation {unknown}


   Skills:
 - Level 4.6 Fighting
 + Level 9.2 Dodging
 + Level 9.5 Unarmed Combat
 + Level 5.1 Invocations
 * Level 9.8 Shapeshifting


You had 9 spell levels left.
You didn't know any spells.
Your spell library contained the following spells:

 Spells                   Type           Power      Damage    Failure   Level
 Apportation              Tloc           0%         N/A       38%         1
 Jinxbite                 Hex            0%         N/A       52%         2
 Lesser Beckoning         Tloc           0%         N/A       52%         2
 Dazzling Flash           Conj/Hex       0%         N/A       77%         3
 Gell's Gravitas          Tloc           0%         N/A       77%         3
 Teleport Other           Tloc           0%         N/A       77%         3
 Agony                    Necr           0%         N/A       100%        5
 Alistair's Intoxication  Tmut/Pois      0%         N/A       100%        5
 Silence                  Hex/Air        0%         N/A       100%        5


Dungeon Overview and Level Annotations

Branches:
Dungeon (9/15)             Temple (1/1) D:4           Sewer (visited)
   Lair: D:8-11         Orc: D:9-12

Altars:
Ashenzari
Cheibriados
Dithmenos
Elyvilon
Fedhas
Gozag
Hepliaklqana
Kikubaaqudgha
Makhleb
Nemelex Xobeh
Okawaru
Qazlal
Ru
Sif Muna
Trog
Uskayaw
Vehumet
Xom
Yredelemnul
The Shining One

Shops:
D:2 !   D:8 *


Innate Abilities, Weirdness & Mutations

You are a hulking beast.
Your limbs bulge with bestial killing power. (Slay +4)
((You are very nimble when in or above water. (Stealth+, EV+, Speed+++)))
Your lower body shifts to a powerful aquatic tail in water.


Message History

Found a stone staircase leading up.
q - 6 potions of might (gained 1)
You open the door.
There is an open door here.
You see here a +0 ring mail.
Partly explored, can't reach some items.
Partly explored, can't reach some items.
Partly explored, can't reach some items.
Partly explored, can't reach some items.
No target in view!
What level of the Dungeon? (default 8, ? - help)
There is a stone staircase leading down here.
You climb downwards.
You hear the roar of battle.
There is an entrance to a bailey on this level.
Hurry and find it before the portal closes forever!
There is a stone staircase leading up here.
As you read the scroll of identify, it crumbles to dust.
J - 3 potions of haste A two-headed ogre comes into view.
It is wielding a +0 giant club and a +0 giant spiked club.
The two-headed ogre shouts in stereo!
Found an iron altar of Okawaru.
Okay, then.
You hit the two-headed ogre.
Your weapon exudes an aura of protection.
The two-headed ogre is lightly wounded.
The two-headed ogre hits you with a +0 giant club!!
The two-headed ogre closely misses you.
You hit the two-headed ogre. You punch the two-headed ogre.
The two-headed ogre is moderately wounded.
You block the two-headed ogre's attack.
The two-headed ogre hits you with a +0 giant spiked club!
You barely miss the two-headed ogre.
The two-headed ogre is lightly wounded.
The two-headed ogre closely misses you.
The two-headed ogre hits you with a +0 giant spiked club!!
* * * LOW HITPOINT WARNING * * *
You sock the two-headed ogre!
The two-headed ogre is moderately wounded.
The two-headed ogre hits you with a +0 giant club!!
You die...

.#.# .... ...
###.### #.....#
#.#######.....#
.......<#.....#
#.#.........#
......#####h#
#.#.#.
#...O....# # #
# #........#
#........#
..........#
#.P._.P....#
#...........
...#########.


You could see a two-headed ogre.

Vanquished Creatures
  Grinder (D:3)
  Sigmund (D:3)
  A shadow (D:8)
  3 yaks (D:7)
  2 water moccasins
  2 black bears
  2 sky beasts
  3 ogres (D:4)
  5 ice beasts
  2 centaurs (D:6)
  A phantom (D:5)
  2 bullfrogs (Sewer)
  3 scorpions
  3 wights (D:6)
  2 electric eels (D:8)
  4 howler monkeys
  A jelly (D:7)
  5 hounds
  3 orc priests
  4 iguanas
  3 orc wizards
  8 adders
  13 gnolls
  A river rat (D:6)
  A shadow imp (D:7)
  A white imp (D:6)
  6 ufetubi
  A worm (D:2)
  2 dart slugs
  21 orcs
  12 ball pythons
  7 endoplasms
  13 giant cockroaches
  6 hobgoblins
  2 jackals (D:2)
  6 kobolds
  9 quokkas
  8 bats
  14 frilled lizards
  12 goblins
  7 rats
203 creatures vanquished.

Notes
Turn   | Place    | Note
-------+----------+-------------------------------------------
     0 | D:1      | Vomitron the Merfolk Shapeshifter began the quest for the
                  | Orb.
     0 | D:1      | Reached XP level 1. HP: 15/15 MP: 1/1
    86 | D:1      | Reached XP level 2. HP: 20/21 MP: 2/2
   328 | D:1      | Reached XP level 3. HP: 26/26 MP: 3/3
  1073 | D:2      | Identified the +7 mace "Uzip Xai" {protect, Fragile rElec
                  | Str+2}
  1558 | D:2      | Reached XP level 4. HP: 32/32 MP: 4/4
  1573 | D:2      | Found Hiwerim's Distillery.
  1586 | D:2      | Bought a potion of heal wounds for 50 gold pieces
  1586 | D:2      | Bought a potion of might for 40 gold pieces
  1743 | D:3      | Found a faded altar of an unknown god.
  1824 | D:3      | Identified the +6 broad axe of Dismemberment {heavy, rC++
                  | rCorr}
  1850 | D:3      | Reached XP level 5. HP: 23/37 MP: 5/5
  1927 | D:3      | Noticed Sigmund
  1955 | D:3      | Killed Sigmund
  1956 | D:3      | Reached skill level 5 in Unarmed Combat
  1956 | D:3      | Reached skill level 5 in Shapeshifting
  1956 | D:3      | Reached XP level 6. HP: 43/43 MP: 6/6
  1965 | D:3      | Noticed Grinder
  1986 | D:3      | Killed Grinder
  1987 | D:3      | Reached skill level 5 in Dodging
  1987 | D:3      | Reached XP level 7. HP: 48/48 MP: 7/7
  2606 | D:4      | Found a broken altar of Ashenzari.
  2638 | D:4      | Reached XP level 8. HP: 39/54 MP: 8/8
  2873 | D:4      | Found a staircase to the Ecumenical Temple.
  2916 | Temple   | Entered the Ecumenical Temple
  2942 | Temple   | Became a worshipper of Uskayaw the Reveller
  3015 | D:4      | Reached * piety under Uskayaw
  3246 | D:5      | Entered Level 5 of the Dungeon
  3352 | D:5      | Reached ** piety under Uskayaw
  3354 | D:5      | Reached skill level 1 in Invocations
  3354 | D:5      | Reached *** piety under Uskayaw
  3633 | D:5      | Reached **** piety under Uskayaw
  3641 | D:5      | Reached ***** piety under Uskayaw
  4165 | D:6      | Found a radiant altar of Vehumet.
  4165 | D:6      | Found a shadowy altar of Dithmenos.
  4230 | D:6      | Found a glowing drain.
  4234 | Sewer    | Entered a sewer
  4493 | Sewer    | Reached XP level 9. HP: 50/64 MP: 6/10
  6221 | D:7      | Reached XP level 10. HP: 73/73 MP: 13/13
  6532 | D:8      | Found Meriq's Demolitions Depot.
  6708 | D:8      | Reached skill level 5 in Invocations
  7366 | Bailey   | Identified the "Urin"
  7370 | D:9      | Noticed a two-headed ogre
  7371 | D:9      | Found an iron altar of Okawaru.
  7375 | D:9      | Slain by a two-headed ogre

Illustrated notes

Levels and vault maps discovered:
D:1:      psy_arrival_conway, layout_basic, minmay_gold_behind_fungi
D:2:      layout_loops_ring, serial_shops, shop, grunt_decor_fettered,
          due_unseen_surprise
D:3:      cheibrodos_greedy_goblins, layout_rooms,
          ebering_ecumenical_altar_rust, uniq_grinder, uniq_sigmund
D:4:      layout_loops_ring, amcnicky_altar_gilded, minmay_temple_entry_glass
D:5:      layout_gridville, grunt_decor_arrowhead, minivault_4,
          hangedman_decor_riveting
D:6:      layout_basic, mainiacjoe_overflow_divided_tiny,
          mainiacjoe_sewer_entry_somewhere_in_here_2
D:7:      layout_loops_ring
D:8:      lemuel_ice_spiral_2, layout_basic, abandoned_shop,
          serial_park_tiny_pond, serial_bayou_ford_a, nicolae_blasting_shop
D:9:      gammafunk_the_bubble [the_bubble_gammafunk_roulette], layout_basic,
          mainiacjoe_overflow_tiny_flanked, mainiacjoe_overflow_catch_the_wave,
          lightli_bailey_entry_fortress
Temple:   nicolae_temple_bog_church

Skill      XL: |  1  2  3  4  5  6  7  8  9 10 |
---------------+-------------------------------+-----
Dodging        | 3 4 5 6 7 8 9 |  9.2
Unarmed Combat | 4 5 6 7 8 9 |  9.5
Shapeshifting  | 5 6 7 9 |  9.8
Fighting       | 3 4 |  4.6
Invocations    | 2 4 5 |  5.1

Action                     |  1- 3 |  4- 6 |  7- 9 | 10-12 || total
---------------------------+-------+-------+-------+-------++-------
  Melee: Unarmed           |    69 |       |       |       ||    69
         Punch             |     1 |     1 |    10 |     5 ||    17
         Mace              |    23 |    50 |   301 |    59 ||   433
         Tailslap          |       |       |     3 |     2 ||     5
  Throw: Dart              |       |     3 |       |       ||     3
 Invoke: Stomp             |       |       |     7 |     1 ||     8
         Line Pass         |       |       |       |     1 ||     1
    Use: Potion            |       |     2 |       |       ||     2
         Scroll            |       |       |    15 |     3 ||    18
   Stab: Sleeping          |     3 |       |     3 |       ||     6
         Paralysed         |       |       |     9 |     2 ||    11
 Armour: Animal skin       |    40 |    24 |   168 |    37 ||   269
         Skin              |       |    22 |       |       ||    22
  Dodge: Dodged            |    60 |    36 |   337 |    45 ||   478
  Block: Other             |       |       |       |    10 ||    10

Table legend: (Time is in decaauts)
 A = Elapsed time spent in this place.
 B = Non-inter-level travel time spent in this place.
 C = Inter-level travel time spent in this place.
 D = Time resting spent in this place.
 E = Time spent auto-exploring this place.
 F = Levels seen in this place.
 G = Mean time per level.
                   A        B        C        D        E       F      G
               +--------+--------+--------+--------+--------+-----+--------+
         Total |   7479 |   7165 |    314 |    648 |   4682 |  11 |  679.9 |
       Dungeon |   7142 |   6842 |    300 |    555 |   4682 |   9 |  793.6 |
        Temple |     53 |     40 |     13 |      0 |      0 |   1 |   53.0 |
         Sewer |    283 |    283 |      0 |     93 |      0 |   1 |  283.0 |
               +--------+--------+--------+--------+--------+-----+--------+

Top non-repeatable levels by time:
     D:6: 1365 daAuts
     D:1: 1020 daAuts
     D:4: 895 daAuts
     D:5: 886 daAuts
     D:8: 839 daAuts
     D:7: 798 daAuts
     D:3: 685 daAuts
     D:2: 640 daAuts
   Sewer: 283 daAuts
  Temple: 53 daAuts
     D:9: 10 daAuts
